Map: Ultralove

Players

WeAreLegion - Winner!

  • Race: Terran Terran
  • League: Silver
  • Spawn Location: 7:00

A.I. 1 (Hard)

  • Race: Protoss Protoss
  • Spawn Location: 1:00

VOD

Have the link to the VOD?

Description

Time

  • Played on: Dec. 7, 2024, 12:19 p.m.
  • Length: 13:18
Show
View Real Time Build Order
Export as new Build Order

WeAreLegion Terran - Winner!

Build Orders: Reaper Expand 

Get SALT Encoding   

  12  0:00  SCV  
  13  0:14  SCV  
  14  0:18  Supply Depot  
  14  0:26  SCV  
  15  0:42  Barracks  
  15  0:46  SCV, Refinery  
  16  0:58  SCV  
  17  1:11  SCV  
  18  1:28  Orbital Command  
  18  1:31  Reaper  
  19  1:44  Command Center  
  20  1:54  Supply Depot, SCV  
  20  2:04  Marine  
  20  2:07  SCV  
  22  2:14  Factory  
  22  2:20  SCV  
  23  2:28  Refinery  
  24  2:32  SCV  
  24  2:43  Barracks Reactor  
  24  2:44  SCV  
  25  2:56  SCV  
  25  3:08  SCV  
  25  3:09  Starport  
  25  3:12  Factory Tech Lab  
  26  3:19  Orbital Command  
  26  3:20  SCV  
  26  3:24  Marine  
  26  3:25  Marine  
  29  3:32  SCV  
  30  3:37  Siege Tank  
  33  3:42  Marine  
  33  3:43  Marine  
  33  3:44  SCV  
  33  3:45  SCV  
  37  3:56  SCV  
  37  3:57  SCV  
  37  4:00  Supply Depot, Marine  
  40  4:08  SCV  
  40  4:09  SCV  
  42  4:12  Starport Reactor  
  42  4:18  Factory Reactor  
  42  4:21  Marine x2  
  42  4:22  SCV x2  
  46  4:34  SCV x2  
  46  4:35  Barracks x2  
  48  4:39  Marine x2  
  48  4:43  Barracks  
  50  4:46  SCV  
  50  4:47  SCV  
  52  4:56  Marine  
  52  4:58  SCV  
  54  5:06  Factory Tech Lab  
  54  5:17  Starport Reactor  
  54  5:18  Engineering Bay  
  54  5:23  SCV x2, Marine x2  
  58  5:34  Supply Depot  
  58  5:35  Supply Depot, SCV  
  58  5:40  SCV  
  60  5:43  Marine x2  
  62  5:55  SCV x2, Siege Tank  
  67  6:04  Supply Depot  
  67  6:06  Supply Depot, Marine  
  67  6:07  SCV x2, Marine  
  71  6:12  Refinery  
  71  6:13  Refinery  
  71  6:19  SCV, Missile Turret  
  71  6:24  Marine  
  71  6:25  Marine  
  74  6:27  Siege Tank  
  74  6:28  Terran Infantry Weapons Level 1  
  74  6:30  Stimpack  
  77  6:40  Missile Turret, Barracks  
  77  6:45  Barracks  
  77  6:46  Barracks  
  77  6:49  Marine x2  
  79  6:55  Command Center  
  79  7:07  Marine x2  
  81  7:10  Siege Tank  
  81  7:11  Medivac x2  
  81  7:15  Marine x4  
  88  7:16  Marauder  
  88  7:22  Supply Depot  
  94  7:26  Supply Depot  
  94  7:32  Supply Depot  
  94  7:43  Marine x4  
  94  7:44  Marauder, Medivac  
  102  7:50  Barracks Reactor  
  102  7:51  Barracks Reactor  
  102  7:53  Marine x2  
  102  7:54  Siege Tank  
  102  7:55  Supply Depot  
  102  7:56  Barracks Tech Lab  
  102  7:57  Barracks Tech Lab  
  107  8:01  Marine x3  
  110  8:06  Marine  
  110  8:07  Marauder  
  110  8:11  Marine x2  
  115  8:19  Marine x2  
  117  8:24  Marine  
  117  8:26  Siege Tank  
  121  8:28  Marauder  
  121  8:29  Marine  
  124  8:40  SCV x2  
  126  8:50  Marauder  
  126  8:51  Marine x5  
  133  9:05  Supply Depot  
  133  9:06  SCV x2, Marauder, Medivac x2  
  133  9:09  Marine  
  141  9:17  Supply Depot  
  141  9:21  Orbital Command  
  141  9:22  Supply Depot  
  141  9:27  SCV, Marauder x2, Siege Tank  
  149  9:35  SCV, Marauder  
  149  9:36  Liberator  
  149  9:37  Supply Depot  
  152  9:40  Supply Depot  
  146  9:46  Marine x2  
  146  9:48  Marauder x2  
  146  9:49  Combat Shield  
  146  9:50  Concussive Shells  
  152  9:53  Terran Infantry Armor Level 1  
  152  9:56  Marauder  
  152  9:57  Armory  
  152  9:59  Siege Tank  
  157  10:00  Engineering Bay  
  157  10:01  Supply Depot  
  157  10:03  Armory  
  157  10:04  Marine  
  158  10:10  Marauder  
  158  10:13  SCV x3  
  163  10:18  Refinery  
  163  10:19  Marine x2  
  163  10:20  Marine x3, Marauder x2  
  172  10:22  Refinery  
  172  10:25  SCV x3  
  175  10:31  Marauder, Widow Mine  
  179  10:41  Marauder x2  
  183  10:49  Supply Depot  
  183  10:53  Marauder, Widow Mine  
  183  10:56  Terran Vehicle Weapons Level 1  
  186  11:02  Marauder  
  186  11:03  Marauder  
  184  11:14  Marauder  
Show
View Real Time Build Order
Export as new Build Order

A.I. 1 (Hard) Protoss 

Build Orders: 1 Gate Expand 

Get SALT Encoding   

  12  0:00  Probe  
  13  0:13  Probe  
  14  0:20  Pylon  
  14  0:25  Probe  
  15  0:34  Probe  
  15  0:42  Probe  
  17  0:50  Gateway  
  17  1:08  Probe  
  17  1:11  Nexus  
  18  1:29  Pylon  
  18  1:32  Assimilator  
  18  1:37  Zealot  
  20  1:43  Cybernetics Core, Probe  
  21  1:56  Probe  
  22  2:04  Probe  
  23  2:08  Gateway  
  23  2:11  Stalker  
  23  2:15  Assimilator  
  23  2:22  Pylon  
  25  2:23  Probe  
  26  2:37  Probe  
  27  2:38  Adept  
  29  2:46  Probe  
  29  2:49  Warp Gate, Probe  
  31  2:55  Adept  
  31  2:58  Probe  
  34  3:02  Probe  
  34  3:10  Adept  
  34  3:11  Gateway  
  36  3:29  Adept  
  38  3:40  Sentry  
  38  3:41  Probe  
  39  3:47  Assimilator  
  39  3:48  Probe  
  42  3:53  Probe  
  43  3:56  Stalker  
  43  4:00  Probe  
  43  4:02  Forge  
  46  4:05  Stalker  
  48  4:14  Pylon  
  48  4:15  Probe  
  50  4:17  Probe  
  50  4:24  Probe  
  50  4:26  Protoss Ground Armor Level 1  
  50  4:29  Probe  
  52  4:32  Probe  
  52  4:36  Zealot  
  55  4:41  Probe  
  55  4:42  Probe  
  57  4:46  Pylon  
  57  4:51  Zealot  
  59  4:53  Probe  
  59  4:54  Probe  
  61  5:04  Adept  
  61  5:05  Probe  
  64  5:08  Probe  
  64  5:12  Pylon  
  65  5:17  Adept, Probe  
  68  5:26  Probe  
  68  5:30  Adept  
  68  5:32  Probe  
  72  5:35  Pylon  
  72  5:43  Adept  
  74  5:53  Probe  
  74  5:54  Photon Cannon  
  74  5:55  Probe  
  74  5:56  Sentry  
  78  5:58  Pylon  
  78  6:05  Probe, Photon Cannon  
  78  6:09  Stalker, Pylon  
  81  6:13  Probe  
  81  6:14  Pylon  
  81  6:18  Probe  
  83  6:19  Robotics Facility  
  83  6:22  Stalker, Probe  
  85  6:27  Protoss Ground Weapons Level 1, Stargate  
  85  6:30  Twilight Council  
  86  6:34  Stalker  
  86  6:35  Photon Cannon  
  88  6:47  Stalker, Photon Cannon  
  88  6:49  Blink  
  88  6:53  Photon Cannon  
  90  6:57  Forge  
  90  7:06  Observer  
  91  7:09  Assimilator  
  91  7:18  Observer  
  92  7:31  Probe  
  93  8:49  Protoss Ground Armor Level 2  
  93  9:08  Warp Prism, Protoss Ground Weapons Level 2  
  99  9:12  Gateway  
  99  9:14  Void Ray, Pylon  
  99  9:18  Nexus  
  99  9:33  Warp Prism  
  99  9:35  Pylon  
  103  9:55  Robotics Facility  
  103  9:57  Fleet Beacon, Void Ray  
  103  9:58  Protoss Air Weapons Level 1  
  103  10:00  Pylon  
  103  10:04  Warp Prism  
  105  10:22  Pylon  
  105  10:30  Probe  
  105  10:31  Probe  
  105  10:33  Probe  
  105  10:34  Observer  
  107  10:42  Assimilator, Probe, Immortal  
  113  10:44  Pylon  
  113  10:45  Pylon, Probe  
  113  10:46  Assimilator, Observer  
  114  10:52  Tempest  
  119  11:05  Zealot, Probe  
  119  11:06  Robotics Bay, Probe  
  119  11:08  Probe  
  119  11:10  Stargate  
  82  11:13  Protoss Shields Level 1  
  82  11:15  Zealot  
  82  11:17  Probe  
  79  11:25  Sentry  
  79  11:32  Immortal  
  81  11:38  Probe, Immortal  
  81  11:48  Zealot  
  64  11:58  Stalker  
  39  12:08  Stalker  
  41  12:09  Pylon  
  41  12:12  Stargate  
  41  12:14  Probe  
  39  12:17  Warp Prism, Probe  
  39  12:18  Zealot  
  42  12:25  Void Ray  
  42  12:29  Probe  
  23  12:38  Stalker  
  23  12:41  Probe  
  23  12:48  Stalker  
  21  12:58  Zealot  
Tags
 
Add a new tag
Caveats
  • Supply blocks, unpowered buildings, or Contaminate may cause inaccurate times.
  • Supply counts are checked every 10 seconds.